 Dungeon Crawl Stone Soup version 0.26-a0-597-gb535b0901c (webtiles) character file.

Game seed: 12203320096436558373

69 Lanoc the Charlatan (level 4, 0/33 HPs)
             Began as a Demonspawn Artificer on Aug 28, 2020.
             Succumbed to an adder's poison
             ... on level 2 of the Dungeon.
             The game lasted 00:02:42 (2840 turns).

Lanoc the Charlatan (Demonspawn Artificer)          Turns: 2840, Time: 00:02:43

Health: 0/33       AC:  4    Str: 11 (12) XL:     4   Next: 2%
Magic:  4/4        EV: 12    Int:  9 (12) God:
Gold:   71         SH:  0    Dex: 13 (15) Spells: 3/3 levels left

rFire    . . .     SeeInvis .   a - +0 club
rCold    . . .     Faith    .   (no shield)
rNeg     . . .     Spirit   .   b - +0 leather armour
rPois    .         Reflect  .   (no helmet)
rElec    .         Harm     .   (no cloak)
rCorr    .         Clarity  +   (no gloves)
MR       .....                  (no boots)
Stlth    +.........             (no amulet)
HPRegen  0.11/turn              (no ring)
MPRegen  0.09/turn              (no ring)

@: brilliant, lethally poisoned (0 -> -6)
A: hooves 1, clarity, demonic guardian 1, sharp scales 1
a: no special abilities


You were on level 2 of the Dungeon.
You visited 1 branch of the dungeon, and saw 2 of its levels.

You collected 71 gold pieces.

Inventory:

Hand Weapons
 a - a +0 club (weapon)
Armour
 b - a +0 leather armour (worn)
Wands
 d - a wand of enslavement (11)
 e - a wand of random effects (12)
Scrolls
 h - a scroll of immolation {unknown}
 i - a scroll of magic mapping {unknown}
 j - a scroll of remove curse {unknown}
 k - 2 scrolls of teleportation {unknown}
 l - 3 scrolls of identify {unknown}
 m - a scroll of amnesia {unknown}
 n - a scroll of noise {unknown}
Potions
 o - a potion of haste


   Skills:
 + Level 1.9 Fighting
 + Level 2.3 Armour
 + Level 1.7 Dodging
 - Level 0.8 Stealth
 * Level 3.8 Evocations


You had 3 spell levels left.
You didn't know any spells.
Your spell library was empty.

Dungeon Overview and Level Annotations

Branches:
Dungeon (2/15)

Altars:


Innate Abilities, Weirdness & Mutations

A weak demonic guardian rushes to your aid.
You are partially covered in razor-sharp scales. (AC +1, Slay +1)
You have large cloven feet.
You possess an exceptional clarity of mind.


Message History

It was a potion of brilliance.
You feel clever all of a sudden.
* * * LOW HITPOINT WARNING * * *
You feel sick.
It was a potion of mutation.
You feel extremely strange.
Your thoughts seem clearer.
You feel clever.
You feel stupid.
Your feet thicken and deform.
* * * LOW HITPOINT WARNING * * *
You feel sick.
It was a potion of degeneration.
There was something very wrong with that liquid.
You feel weakened.
You feel dopey.
You feel clumsy.
* * * LOW HITPOINT WARNING * * *
You feel sick.
* * * LOW HITPOINT WARNING * * *
You feel sick.
You see here a scroll labeled VELYUN WIQESIO.
* * * LOW HITPOINT WARNING * * *
You feel sick.
You die...

##.#.####..##..
#....# #..##..
##..#.# ##..#...
..[.. ......... #...
......... #..#
###..#### #..# #..# #
##########..######..#
#
.......@..?.........#
#
##########..#######.#
# #..#######.####
................
.....######..####
........ #.......
.......#. #...####
######.#.# #...####
#.#.# #.......


There were no monsters in sight!

Vanquished Creatures
  2 adders (D:2)
  A white imp (D:2)
  An ooze (D:1)
  A worm (D:2)
  2 leopard geckos
  A giant cockroach (D:2)
  4 hobgoblins
  3 jackals (D:2)
  A quokka (D:2)
  3 bats
  6 goblins
  A kobold (D:1)
  9 rats (D:1)
35 creatures vanquished.

Vanquished Creatures (collateral kills)
  A kobold (D:1)
1 creature vanquished.

Vanquished Creatures (others)
  A bat (D:1)
  2 hobgoblins (D:1)
3 creatures vanquished.

Grand Total: 39 creatures vanquished

Notes
Turn   | Place    | Note
-------+----------+-------------------------------------------
     0 | D:1      | Lanoc the Demonspawn Artificer began the quest for the Orb.
     0 | D:1      | Reached XP level 1. HP: 15/15 MP: 1/1
    88 | D:1      | Reached skill level 1 in Dodging
   409 | D:1      | Gained mutation: A weak demonic guardian rushes to your
                  | aid. [demonic ancestry]
   409 | D:1      | Reached XP level 2. HP: 14/21 MP: 2/2
  1584 | D:2      | Gained mutation: You are partially covered in razor-sharp
                  | scales. (AC +1, Slay +1) [demonic ancestry]
  1584 | D:2      | Reached XP level 3. HP: 21/26 MP: 3/3
  2830 | D:2      | Reached XP level 4. HP: 7/33 MP: 4/4
  2834 | D:2      | Gained mutation: You possess an exceptional clarity of
                  | mind. [potion of mutation]
  2834 | D:2      | Gained mutation: Your mind is acute. (Int +2) [potion of
                  | mutation]
  2834 | D:2      | Lost mutation: Your mind is acute. (Int +2) [potion of
                  | mutation]
  2834 | D:2      | Gained mutation: You have large cloven feet. [potion of
                  | mutation]
  2837 | D:2      | HP: 1/33 [poisoned by an adder]
  2840 | D:2      | Succumbed to an adder's poison

Illustrated notes

Levels and vault maps discovered:
D:1:      lightli_arrival_noodles, layout_basic, minmay_misc_feat_secret_circle
D:2:      minmay_diamond_boxcup, layout_basic

Skill      XL: |  1  2 |
---------------+-------+-----
Dodging        | 1 |  1.7
Armour         | 2 |  2.3
Fighting       | |  1.9
Stealth        | |  0.8
Evocations     | |  3.8

Action                   |  1- 3 |  4- 6 || total
-------------------------+-------+-------++-------
Melee: Club              |   164 |       ||   164
Evoke: Wand              |    21 |     1 ||    22
  Use: Potion            |       |     5 ||     5
 Stab: Sleeping          |     1 |       ||     1
Armor: Leather armour    |    54 |       ||    54
Dodge: Dodged            |   141 |       ||   141

Table legend: (Time is in decaauts)
 A = Elapsed time spent in this place.
 B = Non-inter-level travel time spent in this place.
 C = Inter-level travel time spent in this place.
 D = Time resting spent in this place.
 E = Time spent auto-exploring this place.
 F = Levels seen in this place.
 G = Mean time per level.
                   A        B        C        D        E       F      G
               +--------+--------+--------+--------+--------+-----+--------+
         Total |   2888 |   2881 |      7 |      0 |   2483 |   2 | 1444.0 |
       Dungeon |   2888 |   2881 |      7 |      0 |   2483 |   2 | 1444.0 |
               +--------+--------+--------+--------+--------+-----+--------+

Top non-repeatable levels by time:
     D:1: 1574 daAuts
     D:2: 1314 daAuts
